 Dungeon Crawl Stone Soup version 0.19-a0-45-g2c295ea (webtiles) character file.

39 namelastname112 the Digger (level 3, -3/26 HPs)
             Began as a Draconian Earth Elementalist on May 5, 2016.
             Slain by a worm (9 damage)
             ... on level 2 of the Dungeon.
             The game lasted 00:02:08 (1094 turns).

namelastname112 the Digger (DrEE)                   Turns: 1094, Time: 00:02:09

Health: -3/26      AC:  5    Str: 10    XL:     3   Next: 28%
Magic:  0/6        EV: 12    Int: 16    God:
Gold:   79         SH:  0    Dex: 11    Spells: 2 memorised, 3 levels left

rFire  . . .     SeeInvis .     f - +0 dagger
rCold  . . .     Gourm    .     (armour unavailable)
rNeg   . . .     Faith    .     (no shield)
rPois  .         Spirit   .     (helmet restricted)
rElec  .         Dismiss  .     (no cloak)
rCorr  .         Reflect  .     (no gloves)
SustAt .         Harm     .     (no boots)
MR     .....                    (no amulet)
Stlth  ++........               (no ring)
                                (no ring)

@: very slightly contaminated, not resistant to hostile enchantments, unstealthy
A: unfitting armour, cold-blooded, AC +5
a: no special abilities


You were on level 2 of the Dungeon.
You were not hungry.

You visited 1 branch of the dungeon, and saw 2 of its levels.

You collected 79 gold pieces.

Inventory:

Hand Weapons
 f - a +0 dagger (weapon)
Missiles
 a - 138 stones (quivered)
Scrolls
 d - 2 scrolls of remove curse {unknown}
 i - a scroll of random uselessness {unknown}
Potions
 e - a potion of lignification {unknown}
 g - 2 potions of curing {unknown}
Books
 b - a book of Geomancy

   Spells                             Type                      Level
   a - Sandblast                      Earth                        1
   b - Passwall                       Transmutation/Earth          2
   c - Stone Arrow                    Conjuration/Earth            3
   d - Petrify                        Transmutation/Earth          4
   e - Lee's Rapid Deconstruction     Earth                        5
Comestibles
 c - a bread ration
 h - a beef jerky


   Skills:
 - Level 1.7 Dodging
 - Level 1.7 Stealth
 + Level 2.6 Spellcasting
   Level 1.0 Transmutations
 * Level 3.9 Earth Magic


You had 3 spell levels left.
You knew the following spells:

 Your Spells              Type           Power        Failure   Level  Hunger
x - Stone Arrow           Conj/Erth      #.....       28%         3    ###....
z - Sandblast             Erth           ##....       4%          1    #......


Dungeon Overview and Level Annotations

Branches:
Dungeon (2/15)

Altars:
Ru


Innate Abilities, Weirdness & Mutations

Your plain brown scales are hard (AC +5).
Your body does not fit into most forms of armour.
You are cold-blooded and may be slowed by cold attacks.


Message History

Confirm with . or Enter, or press ? or * to list all spells.
Aiming: Stone Arrow
Press: ? - help, Shift-Dir - straight line, f/p - worm
Aim: a worm (moderately wounded)
You miscast Stone Arrow.
You are very lightly contaminated with residual magic.
Nothing appears to happen.
You now have 0/6 mp.
You hit the worm. You tail-slap the worm.
The worm is heavily wounded.
You hit the worm.
The worm is severely wounded.
The worm bites you!
* * * LOW HITPOINT WARNING * * *
You take 10 damage, and have 6/26 hp.
MASSIVE DAMAGE!!
You hit the worm.
You tail-slap the worm, but do no damage.
The worm is almost dead.
The worm bites you!
You die...

.... #. ##...# #.#
##.... #.# #######
#..... ##.#
#......##....# ##..##
#..........#.# #.....
#.......##†#.# #....
#......@.....# #....
#......w.....# #..#.
#......#.....# #..##
#......#....########..##
#......#..[.# #..†......
#......#...$# #.........
########....# #.........
#....# #.........
#....###.###.###.


You could see a worm.

Vanquished Creatures
  An ooze (D:1)
  A dart slug (D:2)
  A giant gecko (D:2)
  A ball python (D:1)
  A giant cockroach (D:2)
  A goblin (D:1)
  5 hobgoblins
  4 jackals (D:1)
  A quokka (D:2)
  7 bats
  4 giant newts
  4 rats (D:1)
31 creatures vanquished.

Notes
Turn   | Place    | Note
--------------------------------------------------------------
     0 | D:1      | namelastname112 the Draconian Earth Elementalist began the quest for the Orb.
     0 | D:1      | Reached XP level 1. HP: 14/14 MP: 3/3
   195 | D:1      | Reached XP level 2. HP: 8/20 MP: 0/5
   912 | D:1      | Reached XP level 3. HP: 23/26 MP: 6/6
   917 | D:1      | Learned a level 3 spell: Stone Arrow
  1039 | D:2      | Found a sacrificial altar of Ru.
  1094 | D:2      | Slain by a worm

Vault maps used:
D:1:      minmay_arrival_four_houses, st_stairs_12
D:2:      grunt_temple_overflow_gold_and_silver,
          grunt_temple_overflow_growth_and_decay, lemuel_doored_altar,
          nicolae_ru_awakened_eye

Action                   || total
-------------------------++-------
Melee: Unarmed           ||    67
       Tailslap          ||    14
       Dagger            ||   100
 Cast: Sandblast         ||    18
       Stone Arrow       ||     1
 Stab: Sleeping          ||     3
  Eat: Chunk             ||     1
Armor: Skin              ||    90
Dodge: Dodged            ||   163
